 Dungeon Crawl Stone Soup version 0.31.0-32-g396128a36d (webtiles) character file.

Game seed: 2215810456507831382

12531 DildoBatman the Geomancer (level 12, -1/79 (86) HPs)
             Began as a Formicid Conjurer on Mar 24, 2024.
             Was an Initiate of Gozag.
             Slain by a blink frog (13 damage)
             ... on level 1 of the Lair of Beasts.
             The game lasted 00:45:55 (10949 turns).

DildoBatman the Geomancer (Formicid Conjurer)      Turns: 10949, Time: 00:45:56

HP:   -1/79 (86)    AC: 12    Str: 12    XL:     12   Next: 21%
MP:   2/21          EV: 12    Int: 23    God:    Gozag
Gold: 735           SH:  4    Dex: 12    Spells: 6/23 levels left

rFire   . . .        d - +4 scimitar (holy)
rCold   + . .        i - +0 buckler
rNeg    . . .        b - +2 robe {rC+}
rPois   +            (helmet unavailable)
rElec   .            G - +0 cloak
rCorr   .            y - +0 pair of gloves
SInv    +            p - +0 pair of boots
Will    +....        r - amulet of regeneration
Stlth   ++           N - ring of poison resistance
HPRegen 1.13/turn    t - +4 ring of protection
MPRegen 0.17/turn

%: no passive effects
@: drained
A: permanent stasis, dig shafts and tunnels, antennae 3, four strong arms
a: Dig, Shaft Self, Renounce Religion, Potion Petition, Call Merchant, Bribe
Branch


You were on level 1 of the Lair of Beasts.
You worshipped Gozag.
Gozag was pleased with you.
You visited 4 branches of the dungeon, and saw 13 of its levels.

You collected 976 gold pieces.
You paid 241 gold pieces to Gozag.

Inventory:

Hand Weapons
 a - a +2 mace of protection
 c - a +0 orcbow
 d - a +4 scimitar of holy wrath (weapon)
 e - a +3 halberd of freezing
Missiles
 j - 3 curare-tipped darts (quivered)
 O - 12 poisoned darts
 Q - 2 boomerangs
 U - 2 darts of dispersal
Armour
 b - a +2 robe of cold resistance (worn)
 i - a +0 buckler (worn)
 p - a +0 pair of boots (worn)
 y - a +0 pair of gloves (worn)
 B - a +2 robe of fire resistance
 G - a +0 cloak (worn)
 L - a scarf of repulsion
Jewellery
 m - an amulet of magic regeneration
 n - a ring of flight
 r - an amulet of regeneration (around neck)
 t - a +4 ring of protection (right hand)
 x - a ring of protection from cold
 z - an amulet of reflection
 M - a ring of protection from fire
 N - a ring of poison resistance (left hand)
 T - a ring of magical power
 Y - a ring of wizardry
Wands
 u - a wand of flame (6)
 J - a wand of light (14)
 R - a wand of mindburst (5)
Scrolls
 f - 5 scrolls of poison
 g - a scroll of amnesia {unknown}
 h - 2 scrolls of fog {unknown}
 C - a scroll of butterflies {unknown}
 D - a scroll of enchant weapon {unknown}
 F - 6 scrolls of enchant armour {unknown}
 H - a scroll of teleportation {unknown}
 K - 3 scrolls of immolation {unknown}
 P - a scroll of vulnerability {unknown}
 S - a scroll of identify
 V - a scroll of fear {unknown}
 X - a scroll of acquirement {unknown}
Potions
 k - 4 potions of enlightenment
 l - 3 potions of cancellation {unknown}
 o - 2 potions of mutation {unknown}
 q - 2 potions of ambrosia {unknown}
 s - 4 potions of resistance
 v - 2 potions of lignification {unknown}
 w - a potion of heal wounds {unknown}
 A - 3 potions of curing {unknown}
 E - 2 potions of might
 I - a potion of berserk rage {unknown}
 W - a potion of degeneration {unknown}


   Skills:
 - Level 5.0 Fighting
 - Level 5.0 Armour
 - Level 3.0 Dodging
 - Level 4.0 Stealth
 - Level 3.0 Shields
 - Level 6.0 Spellcasting
 - Level 6.0 Conjurations
 * Level 11.4 Necromancy
 - Level 12.0 Earth Magic


You had 6 spell levels left.
You knew the following spells:

 Your Spells              Type           Power      Damage    Failure   Level
a - Borgnjor's Vile Clut  Necr/Erth      28%        N/A       2%          5
b - Cigotuvi's Dreadful   Necr/Alch/Air  48%        N/A       3%          2
c - Searing Ray           Conj           68%        2d6       1%          2
d - Vampiric Draining     Necr           56%        2d10      1%          3
e - Magic Dart            Conj           100%       1d8       1%          1
h - Dispel Undead         Necr           56%        3d20      1%          4

Your spell library contained the following spells:

 Spells                   Type           Power      Damage    Failure   Level
 Kiss of Death            Conj/Necr      100%       2d13      1%          1
 Fugue of the Fallen      Necr           56%        N/A       1%          3
 Curse of Agony           Necr           56%        N/A       3%          5
 Summon Small Mammal      Summ           24%        N/A       12%         1
 Death Channel            Necr           28%        N/A       16%         6
 Iskenderun's Battlesphe  Conj           34%        2d9       26%         5
 Fulminant Prism          Conj/Alch      10%        3d9       32%         4
 Iskenderun's Mystic Bla  Conj/Tloc      20%        2d6       32%         4
 Call Canine Familiar     Summ           6%         N/A       34%         3
 Bombard                  Conj/Erth      24%        9d5       41%         6
 Summon Blazeheart Golem  Fire/Summ      6%         N/A       75%         4
 Spellforged Servitor     Conj/Summ      10%        N/A       100%        7


Dungeon Overview and Level Annotations

Branches:
Dungeon (10/15)            Temple (1/1) D:6            Lair (1/5) D:9
    Orc (1/2) D:9

Altars:
Ashenzari
Cheibriados
Dithmenos
Elyvilon
Fedhas
Gozag
Hepliaklqana
Kikubaaqudgha
Makhleb
Nemelex Xobeh
Okawaru
Qazlal
Ru
Sif Muna
Trog
Uskayaw
Vehumet
Wu Jian
Xom
Yredelemnul
Zin
The Shining One

Shops:
D:5 [

Portals:
Abyss: D:3

Annotations:
Orc:1 Sonja


Innate Abilities, Weirdness & Mutations

You cannot be hasted, slowed, berserked, paralysed or teleported.
You can dig through walls and to a lower floor.
You have a pair of large antennae on your head. (SInv)
Your four strong arms can wield two-handed weapons with a shield.


Message History

The blink frog is lightly wounded.
The blink frog hits you but does no damage.
The blink frog closely misses you.
You slash the blink frog!
The blink frog is moderately wounded.
The blink frog blinks!
The blink frog closely misses you.
The blink frog hits you but does no damage.
You closely miss the blink frog.
The blink frog is moderately wounded.
The blink frog blinks!
The blink frog hits you but does no damage. x2
You slash the blink frog!
The blink frog is heavily wounded.
The blink frog hits you but does no damage.
The blink frog barely misses you.
The blink frog blinks!
Your magical contamination has completely faded away.
You miss the blink frog.
The blink frog is heavily wounded.
The blink frog hits you!
The blink frog blinks! x2
The spectral hornet hits you.
You feel drained.
Casting: Borgnjor's Vile Clutch (dangerous; 2% risk of failure)
Confirm with . or Enter, or press ? or * to list all spells.
Aiming: Dispel Undead (mildly dangerous; 1% risk of failure)
Press: ? - help, Shift-Dir - straight line, f - spectral hornet
Aim: a spectral hornet (translocational energy, heavily damaged, 100% to hit)
Kikubaaqudgha does not allow the disloyal to dabble in death!
You feel very uncomfortable.
You feel drained.
The spectral hornet is dispelled!!
You destroy the spectral hornet!
The blink frog hits you!
You hit the blink frog.
The blink frog is severely wounded.
The blink frog hits you!
You die...
Your body crumbles into a pile of gold.

#~....~~.........
##...............
#.....########.. #.....#
. ##.....# ### #P.....#
##P#####.....#
.............# ###
.............# #@#
.............###F####...
................$F......
...........^............
........................
.###.#......$.........F.
. ###...######.........
. #...# #......... .
#P...# #.........


You could see 2 blink frogs.

Vanquished Creatures
  2 two-headed ogres (D:10)
  Pikel (D:7)
  An ugly thing (D:10)
  Maurice (D:7)
  An ice statue (D:8)
  A cane toad (D:9)
  A rime drake (D:9)
  The ghost of Peloso the Slasher, an amateur MiFi (D:5)
  A troll (D:6)
  2 hornets
  2 polar bears (D:9)
  2 blink frogs (Lair:1)
  3 vampires (D:10)
  13 yaks
  A wyvern (D:9)
  A wraith (D:9)
  The ghost of Finalfun the Caller, an amateur DsSu (D:3)
  2 steam dragons
  Duvessa (D:6)
  2 water moccasins
  An ice beast (D:9)
  9 orc warriors
  A black bear (D:8)
  3 wolves (D:9)
  2 ogres (D:5)
  3 centaurs
  A phantom (D:5)
  2 kobold brigands
  A bullfrog (D:9)
  4 scorpions
  A small abomination (D:3)
  Dowan (D:6)
  8 wights
  A yak zombie (Lair:1)
  3 killer bees (D:7)
  2 jellies
  2 bombardier beetles
  A gnoll bouda (D:7)
  11 orc priests
  Crazy Yiuf (D:2)
  9 hounds
  2 iguanas
  Terence (D:2)
  16 orc wizards
  12 gnolls
  6 adders
  3 shadow imps
  4 ufetubi (D:7)
  A ribbon worm (D:3)
  4 dart slugs
  35 orcs
  3 bats
  4 endoplasms
  3 giant cockroaches
  5 hobgoblins
  7 jackals
  9 quokkas
  7 ball pythons
  3 frilled lizards
  4 goblins
  12 kobolds
  3 orc zombies
  5 rats
256 creatures vanquished.

Notes
Turn   | Place    | Note
-------+----------+-------------------------------------------
     0 | D:1      | DildoBatman the Formicid Conjurer began the quest for the
                  | Orb.
     0 | D:1      | Reached XP level 1. HP: 13/13 MP: 3/3
   254 | D:1      | Reached XP level 2. HP: 19/19 MP: 1/5
   257 | D:1      | Learned a level 2 spell: Searing Ray
   658 | D:1      | Reached XP level 3. HP: 23/25 MP: 1/6
   659 | D:1      | Reached skill level 1 in Armour
  1012 | D:2      | Reached skill level 1 in Fighting
  1156 | D:2      | Reached XP level 4. HP: 17/32 MP: 3/7
  1160 | D:2      | Reached skill level 1 in Shields
  1425 | D:2      | Noticed Terence
  1516 | D:3      | Noticed a small abomination
  1625 | D:3      | Found a faded altar of an unknown god.
  1670 | D:3      | Found a transporter.
  1693 | D:3      | Found a transporter.
  1747 | D:3      | Reached XP level 5. HP: 37/37 MP: 1/9
  2066 | D:2      | Found a runed translucent door.
  2067 | D:2      | Noticed Crazy Yiuf
  2272 | D:3      | Noticed Finalfun's ghost (amateur DsSu)
  2334 | D:4      | Reached XP level 6. HP: 44/44 MP: 0/10
  2618 | D:4      | Noticed a water moccasin
  2635 | D:4      | Found a basalt altar of Yredelemnul.
  2635 | D:4      | Found a hazy altar of Hepliaklqana.
  2714 | D:4      | Reached XP level 7. HP: 47/50 MP: 7/11
  2965 | D:5      | Entered Level 5 of the Dungeon
  2966 | D:5      | Found Liohoa's Armour Boutique.
  3478 | D:5      | Reached XP level 8. HP: 58/58 MP: 8/14
  3527 | D:5      | Noticed Peloso's ghost (amateur MiFi)
  3530 | D:5      | Found a runed translucent door.
  3894 | D:6      | Found a staircase to the Ecumenical Temple.
  3901 | Temple   | Entered the Ecumenical Temple
  3918 | Temple   | Became a worshipper of Kikubaaqudgha
  3948 | Temple   | Reached skill level 5 in Conjurations
  4097 | D:2      | Killed Terence
  4324 | D:5      | Reached skill level 5 in Spellcasting
  4342 | D:5      | Reached skill level 5 in Armour
  4342 | D:5      | Reached XP level 9. HP: 67/67 MP: 3/16
  4498 | D:2      | You fall into a shaft and drop 1 floor!
  4607 | D:2      | You fall into a shaft and drop 1 floor!
  4690 | D:2      | Killed Crazy Yiuf
  4789 | D:6      | Noticed Dowan
  4806 | D:6      | Reached skill level 5 in Fighting
  4920 | D:6      | Reached * piety under Kikubaaqudgha
  4920 | D:6      | Received a gift from Kikubaaqudgha
  4970 | D:5      | Reached skill level 1 in Necromancy
  5050 | D:6      | Noticed a troll
  5128 | D:6      | Learned a level 3 spell: Vampiric Draining
  5207 | D:6      | Learned a level 2 spell: Cigotuvi's Dreadful Rot
  5451 | D:6      | Killed a troll
  5511 | D:6      | Noticed Duvessa
  5533 | D:6      | Killed Duvessa
  5541 | D:6      | Killed Dowan
  5702 | D:7      | Found a hide-covered altar of Uskayaw.
  5794 | D:7      | Noticed Maurice
  5806 | D:7      | Noticed Pikel
  5842 | D:7      | Killed Pikel
  5843 | D:7      | Reached XP level 10. HP: 74/74 MP: 12/19
  5851 | D:7      | Maurice stole a +4 scimitar
  5854 | D:7      | Maurice stole 145 gold
  5856 | D:7      | Maurice stole 321 gold
  5860 | D:7      | Maurice stole 2 curare-tipped darts
  5990 | D:7      | Killed Maurice
  6549 | D:8      | Reached ** piety under Kikubaaqudgha
  7221 | D:8      | Reached skill level 10 in Necromancy
  7371 | D:8      | Noticed an ice statue
  7523 | D:9      | Found a staircase to the Orcish Mines.
  7749 | D:9      | Reached XP level 11. HP: 65/79 MP: 9/20
  7805 | D:9      | Reached *** piety under Kikubaaqudgha
  7805 | D:9      | Received a gift from Kikubaaqudgha
  7824 | D:9      | Learned a level 5 spell: Borgnjor's Vile Clutch
  7829 | D:9      | Learned a level 4 spell: Dispel Undead
  7863 | D:9      | Reached skill level 2 in Earth Magic
  7890 | D:9      | Reached skill level 3 in Earth Magic
  8086 | D:9      | Found a staircase to the Lair.
  8106 | D:9      | Reached skill level 4 in Earth Magic
  8129 | D:9      | Reached skill level 5 in Earth Magic
  8255 | D:9      | Reached skill level 6 in Earth Magic
  8272 | D:9      | Reached skill level 7 in Earth Magic
  8651 | D:9      | Found a shadowy altar of Dithmenos.
  8683 | D:9      | Found a burning altar of Makhleb.
  8693 | D:9      | Fell from the grace of Kikubaaqudgha
  8905 | D:10     | Entered Level 10 of the Dungeon
  9061 | D:10     | Noticed a two-headed ogre
  9068 | D:10     | Noticed a brown ugly thing
  9369 | D:10     | Noticed a two-headed ogre
  9593 | Temple   | Became a worshipper of Gozag Ym Sagoz the Greedy
  9668 | D:3      | Found a one-way gate to the infinite horrors of the Abyss.
  9686 | D:3      | Reached skill level 8 in Earth Magic
  9687 | D:3      | Killed Finalfun's ghost
  9853 | D:5      | Killed Peloso's ghost
 10172 | D:10     | Reached skill level 9 in Earth Magic
 10227 | D:10     | Killed a two-headed ogre
 10306 | D:10     | Found a sacrificial altar of Ru.
 10399 | D:10     | Killed a brown ugly thing
 10400 | D:10     | Reached skill level 10 in Earth Magic
 10464 | D:10     | Killed a two-headed ogre
 10631 | Orc:1    | Entered Level 1 of the Orcish Mines
 10631 | Orc:1    | Noticed an orc knight
 10644 | Orc:1    | Reached skill level 11 in Earth Magic
 10649 | Orc:1    | Noticed Sonja
 10695 | Lair:1   | Entered Level 1 of the Lair of Beasts
 10706 | D:9      | Reached XP level 12. HP: 25/86 MP: 15/21
 10878 | Lair:1   | Reached skill level 12 in Earth Magic
 10949 | Lair:1   | Slain by a blink frog

Illustrated notes

Levels and vault maps discovered:
D:1:      dpeg_arrival_rooms_b, layout_basic
D:2:      layout_basic, uniq_crazy_yiuf_cottage, uniq_terence
D:3:      layout_basic, gammafunk_ghost_abyssal_escape,
          ebering_ecumenical_altar_box, minivault_5
D:4:      layout_rooms, jmf_multi_god_temple
D:5:      layout_loops_cross, serial_shops, shop, hellmonk_ghost_happy_afterlife
D:6:      hellmonk_ruined_rings, layout_cave_pools, minmay_temple_entry_grid,
          uniq_duvessa
D:7:      layout_loops_ring, nicolae_uskayaw_dance_hall,
          chequers_serial_rivers_small_b, uniq_pikel, uniq_maurice
D:8:      minmay_statue_hallways, layout_basic
D:9:      layout_irregular_city, jmf_multi_god_temple2, hellmonk_lair_entry_icy,
          minmay_orc_entry_temple_small
D:10:     layout_basic, mainiacjoe_overflow_boulevard
Temple:   nicolae_temple_elliptical
Lair:1:   layout_chaotic_city, infiniplex_staircase_pool_2, uniq_joseph
Orc:1:    layout_diamond_mine, serial_shops, nicolae_shop_hallway_stairs,
          uniq_sonja

Skill      XL: |  1  2  3  4  5  6  7  8  9 10 11 12 |
---------------+-------------------------------------+-----
Dodging        | 2 3 |  3.0
Armour         | 1 2 3 5 |  5.0
Fighting       | 1 2 3 4 5 |  5.0
Stealth        | 3 4 |  4.0
Shields        | 1 2 3 |  3.0
Conjurations   | 4 5 6 |  6.0
Spellcasting   | 3 4 5 6 |  6.0
Necromancy     | 6 10 11 | 11.4
Earth Magic    | 11 12 | 12.0

Action                     |  1- 3 |  4- 6 |  7- 9 | 10-12 || total
---------------------------+-------+-------+-------+-------++-------
  Melee: Unarmed           |     4 |       |       |       ||     4
         Short sword       |    28 |    18 |    20 |       ||    66
         Punch             |     1 |       |       |       ||     1
         Morningstar       |       |       |    76 |       ||    76
         Mace              |       |       |   143 |   424 ||   567
         Scimitar          |       |       |       |   107 ||   107
   Fire: Sling             |       |    55 |    10 |       ||    65
         Orcbow            |       |       |       |     6 ||     6
  Throw: Dart              |       |       |     2 |     2 ||     4
   Cast: Magic Dart        |    45 |    35 |     9 |     2 ||    91
         Searing Ray       |     3 |     8 |    27 |    25 ||    63
         Vampiric Draining |       |       |       |    17 ||    17
         Borgnjor's Vile C |       |       |       |    40 ||    40
         Dispel Undead     |       |       |       |     9 ||     9
 Invoke: Renounce Religion |       |       |       |     1 ||     1
Ability: Shaft Self        |       |       |     2 |       ||     2
         Dig               |       |       |       |     5 ||     5
    Use: Potion            |       |     1 |       |       ||     1
         Scroll            |       |       |     4 |     1 ||     5
   Stab: Sleeping          |       |       |     1 |     3 ||     4
         Distracted        |       |       |       |     1 ||     1
 Armour: Robe              |    24 |    35 |   241 |   607 ||   907
         Skin              |       |       |       |     2 ||     2
  Dodge: Dodged            |    36 |    37 |   219 |   460 ||   752
         Repelled          |       |       |       |     1 ||     1
  Block: Buckler           |     2 |     8 |    79 |   166 ||   255
